 Dungeon Crawl Stone Soup version 0.28.0 (webtiles) character file.

Game seed: 14190057971503312049

10 Host24 the Bolt Thrower (level 2, 0/18 HPs)
             Began as a Kobold Hunter on Mar 11, 2022.
             Slain by a goblin (5 damage)
             ... on level 1 of the Dungeon.
             The game lasted 00:00:43 (395 turns).

Host24 the Bolt Thrower (Kobold Hunter)              Turns: 395, Time: 00:00:43

Health: 0/18       AC:  3    Str:  9    XL:     2   Next: 30%
Magic:  2/2        EV: 14    Int: 12    God:
Gold:   37         SH:  0    Dex: 15    Spells: 1/1 levels left

rFire   . . .      SeeInvis .   a - +1 hand crossbow
rCold   . . .      Faith    .   (no shield)
rNeg    . . .      Spirit   .   c - +0 leather armour
rPois   .          Reflect  .   (no helmet)
rElec   .          Harm     .   (no cloak)
rCorr   .          Rampage  .   (no gloves)
Will    .....                   (no boots)
Stlth   +++.......              (no amulet)
HPRegen 0.06/turn               (no ring)
MPRegen 0.08/turn               (no ring)

@: no status effects
A: small, no large weapons, nightstalker 3
a: no special abilities


You were on level 1 of the Dungeon.
You visited 1 branch of the dungeon, and saw 1 of its levels.

You collected 37 gold pieces.

Inventory:

Hand Weapons
 a - a +1 hand crossbow (weapon)
 b - a +0 short sword
Missiles
 d - 36 bolts (quivered ammo)
 f - 4 stones
 g - 20 sling bullets
Armour
 c - a +0 leather armour (worn)
Potions
 e - a potion of heal wounds {unknown}


   Skills:
 + Level 2.9 Fighting
 - Level 5.0 Crossbows
 - Level 2.4 Dodging
 - Level 1.3 Stealth


You had one spell level left.
You didn't know any spells.
Your spell library was empty.

Dungeon Overview and Level Annotations

Branches:
Dungeon (1/15)

Altars:


Innate Abilities, Weirdness & Mutations

You are small and have problems with some larger weapons.
You are completely attuned to the shadows.


Message History

You hit the kobold.
The kobold is moderately wounded.
The kobold hits you but does no damage.
You hit the kobold but do no damage. The kobold hits you with a +0 whip.
You closely miss the kobold. The kobold closely misses you.
You hit the kobold but do no damage. The kobold hits you but does no damage.
You hit the kobold.
You kill the kobold!
Things that are here:
a +0 whip; 4 stones; a kobold corpse
Found 20 sling bullets.
Things that are here:
a +0 whip; 4 stones; a kobold corpse
f - 4 stones
There is a stone staircase leading down here.
You see here 20 sling bullets.
g - 20 sling bullets
Found a chain mail.
You see here a +0 chain mail.
A goblin comes into view. It is wielding a +4 dagger.
The goblin shouts!
The goblin hits you with a +4 dagger.
You barely miss the goblin. The goblin hits you but does no damage.
You barely miss the goblin. The goblin closely misses you.
You barely miss the goblin. The goblin barely misses you.
a - a +1 hand crossbow (weapon)
The goblin hits you with a +4 dagger.
Fire: 38 bolts
Press: ? - help, Q - select action, (/) - cycle Shift-Dir - straight line, f - goblin
Aim: a goblin, wielding a +4 dagger (60% to hit)
You shoot a bolt. The bolt hits the goblin.
The goblin is moderately wounded.
The goblin hits you with a +4 dagger.
* * * LOW HITPOINT WARNING * * *
Fire: 37 bolts
Press: ? - help, Q - select action, (/) - cycle Shift-Dir - straight line, f/p - goblin
Aim: a goblin, wielding a +4 dagger (moderately wounded, 60% to hit)
You shoot a bolt. The bolt misses the goblin.
The goblin hits you with a +4 dagger.
You die...

# #.##### #.#
#(g@..# #.# #####.#
#.# #.# #.#######.#
##########.......#.#
............###....#
..#######......###.#
..........>....# #.#
....##.....###.###.#


You could see a goblin.

Vanquished Creatures
  2 bats (D:1)
  An endoplasm (D:1)
  A giant cockroach (D:1)
  2 goblins (D:1)
  2 kobolds (D:1)
  A ball python (D:1)
9 creatures vanquished.

Notes
Turn   | Place    | Note
-------+----------+-------------------------------------------
     0 | D:1      | Host24 the Kobold Hunter began the quest for the Orb.
     0 | D:1      | Reached XP level 1. HP: 12/12 MP: 1/1
    26 | D:1      | Reached skill level 5 in Crossbows
   146 | D:1      | Reached XP level 2. HP: 15/18 MP: 2/2
   395 | D:1      | Slain by a goblin

Illustrated notes

Levels and vault maps discovered:
D:1:      sevenhm_arrival_forest_fort_small_6, layout_loops_ring,
          roderic_roman_lattice

Skill      XL: |  1 |
---------------+----+-----
Crossbows      | 5 |  5.0
Fighting       | |  2.9
Dodging        | |  2.4
Stealth        | |  1.3

Action                   || total
-------------------------++-------
Melee: Short sword       ||    28
 Fire: Hand crossbow     ||     2
 Stab: Sleeping          ||     3
Armor: Leather armour    ||     7
Dodge: Dodged            ||    20
